 Dungeon Crawl Stone Soup version 0.28.0 (webtiles) character file.

Game seed: 2191610864660482615

67 jfcaron the Caller (level 4, -11/32 HPs)
             Began as a Barachi Summoner on Feb 16, 2022.
             Was an Initiate of Cheibriados.
             Killed by divine providence
             ... invoked by an orc priest
              (12 damage)
             ... on level 3 of the Dungeon.
             The game lasted 00:07:16 (2212 turns).

jfcaron the Caller (Barachi Summoner)               Turns: 2212, Time: 00:07:17

Health: -11/32     AC:  6    Str: 12    XL:     4   Next: 18%
Magic:  2/8        EV: 11    Int: 17    God:    Cheibriados [......]
Gold:   51         SH:  0    Dex: 13    Spells: 2/8 levels left

rFire   . . .      SeeInvis .   o - +4 dagger
rCold   + . .      Faith    .   (no shield)
rNeg    . . .      Spirit   .   i - +0 ring mail
rPois   .          Reflect  .   l - +0 helmet
rElec   .          Harm     .   (no cloak)
rCorr   .          Rampage  .   (no gloves)
Will    .....                   (no boots)
Stlth   +.........              (no amulet)
HPRegen 0.10/turn               n - ring of protection from cold
MPRegen 0.11/turn               (no ring)

@: very slow
A: amphibious, slowness 1, strong legs 1, +LOS
a: Hop, Renounce Religion


You were on level 3 of the Dungeon.
You worshipped Cheibriados.
Cheibriados was noncommittal.
You visited 1 branch of the dungeon, and saw 3 of its levels.

You collected 51 gold pieces.

Inventory:

Hand Weapons
 o - a +4 dagger (weapon)
Missiles
 d - 58 stones
 e - 4 poisoned darts
 j - 14 sling bullets
 r - 18 arrows
Armour
 a - a +0 robe
 c - a +0 pair of boots
 h - a +1 hat
 i - a +0 ring mail (worn)
 l - a +0 helmet (worn)
Jewellery
 n - a ring of protection from cold (left hand)
Scrolls
 b - a scroll of enchant armour
 m - a scroll of identify
Potions
 g - a potion of berserk rage


   Skills:
 + Level 1.1 Fighting
 + Level 0.3 Short Blades
 + Level 1.1 Armour
 + Level 2.6 Dodging
 - Level 2.0 Stealth
 + Level 2.8 Spellcasting
 * Level 5.5 Summonings


You had 2 spell levels left.
You knew the following spells:

 Your Spells              Type           Power      Damage    Failure   Level
a - Summon Small Mammal   Summ           84%        N/A       4%          1
b - Call Imp              Summ           21%        N/A       6%          2
c - Call Canine Familiar  Summ           21%        N/A       13%         3

Your spell library contained the following spells:

 Spells                   Type           Power      Damage    Failure   Level
 Summon Guardian Golem    Hex/Summ       11%        N/A       36%         3
 Summon Lightning Spire   Summ/Air       11%        N/A       78%         4


Dungeon Overview and Level Annotations

Branches:
Dungeon (3/15)

Altars:
Cheibriados

Annotations:
D:1 glove behind glass


Innate Abilities, Weirdness & Mutations

You are amphibious.
You cover ground slowly.
You can hop short distances.
You have an extended range of vision and can be seen from far away.


Message History

The frilled lizard bites you but does no damage.
The frilled lizard bites you.
You puncture the frilled lizard!
You kill the frilled lizard!
Cheibriados thoroughly appreciates the change of pace.
You feel yourself speed up.
Your bat disappears in a puff of smoke!
An orc comes into view. It is wielding a +0 club.
The orc shouts!
An orc comes into view. It is wielding a +0 mace.
The orc shouts!
You recover from your berserk rage.
An orc priest comes into view. It is wielding a +0 whip.
The orc barely misses you. The orc hits you but does no damage.
Casting: Summon Small Mammal (safe; 4% risk of failure)
Confirm with . or Enter, or press ? or * to list all spells.
A shadowy apparition takes form in the air.
The orc hits you with a +0 club. The orc barely misses you.
Casting: Call Imp (safe; 6% risk of failure)
Confirm with . or Enter, or press ? or * to list all spells.
The orc hits you with a +0 club. The orc hits you with a +0 mace.
Your shadow imp misses the orc.
You hit the orc but do no damage. The orc hits you with a +0 club.
Your quokka bites the orc.
The orc hits you with a +0 club. The orc closely misses you.
Your shadow imp closely misses the orc.
The orc priest barely misses you.
Your quokka barely misses the orc.
The orc hits you with a +0 club.
You hit the orc priest.
The orc priest is moderately wounded.
The orc hits you with a +0 mace.
* * * LOW HITPOINT WARNING * * *
The orc priest hits you with a +0 whip.
* * * LOW HITPOINT WARNING * * *
Your shadow imp hits the orc.
Your quokka closely misses the orc.
The orc hits you with a +0 club.
* * * LOW HITPOINT WARNING * * *
Okay, then.
The orc priest mumbles some strange prayers to Beogh against you.
Beogh smites you!
You die...

#. #.........#
##.#####.........#
##................#####
......................#
#............†...###.#
#................#
#.......5........###.##
#......oor.............
#......@#o......#.##.##
##.######.......#.#
####.#### # #.....#
#.....# #.....# #.....#
#.....# .######


You could see an orc priest (ally target), an orc (ally target), a friendly
shadow imp (summoned) and a friendly quokka (summoned).

Vanquished Creatures
  2 adders
  4 bats
  5 endoplasms
  5 goblins
  2 hobgoblins (D:2)
  8 jackals
  3 quokkas
  2 ball pythons (D:1)
  5 frilled lizards
  7 kobolds
  2 rats
  2 plants (D:2)
47 creatures vanquished.

Notes
Turn   | Place    | Note
-------+----------+-------------------------------------------
     0 | D:1      | jfcaron the Barachi Summoner began the quest for the Orb.
     0 | D:1      | Reached XP level 1. HP: 13/13 MP: 3/3
   158 | D:1      | Reached XP level 2. HP: 9/19 MP: 0/5
   273 | D:1      | Reached skill level 5 in Summonings
   277 | D:1      | Learned a level 2 spell: Call Imp
  1143 | D:1      | Reached XP level 3. HP: 22/24 MP: 6/6
  1147 | D:1      | Learned a level 3 spell: Call Canine Familiar
  1926 | D:2      | Found a snail-covered altar of Cheibriados.
  2143 | D:2      | Became a worshipper of Cheibriados the Contemplative
  2155 | D:3      | Noticed a phantom
  2159 | D:3      | Reached skill level 1 in Fighting
  2167 | D:2      | HP: 5/39 [phantom (3)]
  2174 | D:3      | Reached skill level 1 in Armour
  2185 | D:3      | Reached XP level 4. HP: 25/32 MP: 1/8
  2211 | D:3      | HP: 3/32 [orc priest (5)]
  2211 | D:3      | HP: 1/32 [orc (2)]
  2212 | D:3      | Killed from afar by an orc priest

Illustrated notes

Levels and vault maps discovered:
D:1:      minmay_arrival_four_loops, layout_loops_ring, minmay_surrounded
D:2:      layout_rooms, basic_altar, serial_forest, infiniplex_forest_3_way,
          infiniplex_forest_corner_1, infiniplex_forest_clump_small,
          infiniplex_forest_clump_curved, infiniplex_forest_straight_4,
          infiniplex_forest_end_double, glass_columns_a
D:3:      layout_loops_cross, fedhas_altar_fruit_tree, portal_sewer_entry_d,
          uniq_grinder

Skill      XL: |  1  2  3 |
---------------+----------+-----
Stealth        | 2 |  2.0
Summonings     | 5 |  5.5
Fighting       | 1 |  1.1
Armour         | 1 |  1.1
Short Blades   | |  0.3
Dodging        | |  2.6
Spellcasting   | |  2.8

Action                   |  1- 3 |  4- 6 || total
-------------------------+-------+-------++-------
Melee: Unarmed           |    21 |       ||    21
       Dagger            |    98 |     9 ||   107
       Punch             |     1 |     1 ||     2
 Cast: Summon Small Mamm |    19 |     1 ||    20
       Call Imp          |    15 |     1 ||    16
  Use: Scroll            |     4 |       ||     4
       Potion            |     4 |       ||     4
 Stab: Distracted        |     1 |       ||     1
Armor: Robe              |     7 |       ||     7
       Ring mail         |    51 |     4 ||    55
Dodge: Dodged            |    85 |     8 ||    93
